Workbook
Name \a: #REF!
Name \c: #REF!
Name \S: '[1]ANNEX 2'!#REF!
Name \z: #REF!
Name _____________________A165536: #REF!
Name ____________________A165536: #REF!
Name ____________________xlnm._FilterDatabase_1: #REF!
Name ____________________xlnm._FilterDatabase_1_1: #REF!
Name ____________________xlnm._FilterDatabase_1_2: #REF!
Name ____________________xlnm._FilterDatabase_1_3: #REF!
Name ____________________xlnm._FilterDatabase_1_4: #REF!
Name ____________________xlnm._FilterDatabase_1_5: #REF!
Name ____________________xlnm._FilterDatabase_2: #REF!
Name ____________________xlnm._FilterDatabase_2_1: #REF!
Name ____________________xlnm._FilterDatabase_2_2: #REF!
Name ____________________xlnm._FilterDatabase_2_3: #REF!
Name ____________________xlnm._FilterDatabase_2_4: #REF!
Name ____________________xlnm._FilterDatabase_2_5: #REF!
Name ____________________xlnm._FilterDatabase_3: #REF!
Name ____________________xlnm._FilterDatabase_3_1: #REF!
Name ____________________xlnm._FilterDatabase_3_2: #REF!
Name ____________________xlnm._FilterDatabase_3_3: #REF!
Name ____________________xlnm._FilterDatabase_3_4: #REF!
Name ____________________xlnm._FilterDatabase_3_5: #REF!
Name ____________________xlnm._FilterDatabase_4: #REF!
Name ____________________xlnm._FilterDatabase_4_1: #REF!
Name ____________________xlnm._FilterDatabase_4_2: #REF!
Name ____________________xlnm._FilterDatabase_4_3: #REF!
Name ____________________xlnm._FilterDatabase_4_4: #REF!
Name ____________________xlnm._FilterDatabase_4_5: #REF!
Name ____________________xlnm._FilterDatabase_5: #REF!
Name ____________________xlnm._FilterDatabase_5_1: #REF!
Name ____________________xlnm._FilterDatabase_5_2: #REF!
Name ____________________xlnm._FilterDatabase_5_3: #REF!
Name ____________________xlnm._FilterDatabase_5_4: #REF!
Name ____________________xlnm._FilterDatabase_5_5: #REF!
Name ____________________xlnm._FilterDatabase_6: #REF!
Name ____________________xlnm._FilterDatabase_6_1: #REF!
Name ____________________xlnm._FilterDatabase_6_2: #REF!
Name ____________________xlnm._FilterDatabase_6_3: #REF!
Name ____________________xlnm._FilterDatabase_6_4: #REF!
Name ____________________xlnm._FilterDatabase_6_5: #REF!
Name ____________________xlnm._FilterDatabase_7: #REF!
Name ____________________xlnm._FilterDatabase_7_1: #REF!
Name ____________________xlnm._FilterDatabase_7_2: #REF!
Name ____________________xlnm._FilterDatabase_7_3: #REF!
Name ____________________xlnm._FilterDatabase_7_4: #REF!
Name ____________________xlnm._FilterDatabase_7_5: #REF!
Name ____________________xlnm.Print_Area_1_1: #REF!
Name ____________________xlnm.Print_Area_1_2: #REF!
Name ____________________xlnm.Print_Area_1_3: #REF!
Name ____________________xlnm.Print_Area_1_4: #REF!
Name ____________________xlnm.Print_Area_1_5: #REF!
Name ____________________xlnm.Print_Area_10: #REF!
Name ____________________xlnm.Print_Area_10_1: #REF!
Name ____________________xlnm.Print_Area_10_2: #REF!
Name ____________________xlnm.Print_Area_10_3: #REF!
Name ____________________xlnm.Print_Area_10_4: #REF!
Name ____________________xlnm.Print_Area_10_5: #REF!
Name ____________________xlnm.Print_Area_11: #REF!

Sheet Gen-Sum
A1: ='Civil Est.-Sum'!A1:C1 -> CHATTARPUR TEMPLE
A2: RENOVATION OF THE BASEMENT HALL AT THE MAA MAHESASUR MARDANI MANDIR.
A3: Civil, electrical, and plumbing work; elevators and associated civil work; installation of PVC wall panelling and artificial grass;
A4: GENERAL SUMMARY
A5: S.NO. | B5: DESCRIPTION | C5: AMOUNT
A6: A | B6: CIVIL WORKS
A7: 1 | B7: RENOVATION OF THE BASEMENT HALL | C7: ='Civil Est.-Sum'!C12 -> 0
B8: TOTAL (A) | C8: =SUM(C7:C7) -> 0
B10: TOTAL AMOUNT | C10: =C8 -> 0
B11: ADD : GST 18% | C11: =ROUND(C10*18%,0) -> 0
B12: TOTAL AMOUNT (INCLUSIVE GST) | C12: =C10+C11 -> 0

Sheet Civil Est.-Sum
A1: ='Flooring BOQ'!A1:E1 -> CHATTARPUR TEMPLE
A2: SUMMARY
A3: RENOVATION OF THE BASEMENT HALL AT THE MAA MAHESASUR MARDANI MANDIR.
A4: S.NO. | B4: DESCRIPTION
B5: ='Flooring BOQ'!B4 -> CIVIL WORKS | C5: ='Flooring BOQ'!D4 -> TEMPLE | D5: Rate Per Sqm | E5: Rate Per Sqft
B6: ='Flooring BOQ'!B5 -> CONSTRUCTED AREA | C6: ='Flooring BOQ'!D5 -> 557
A7: A | B7: FLOORING WORK (INCLUDING THE COST OF THE PVC WALL PANELING AND ARTIFICIAL GRASS WORK) | C7: ='Flooring BOQ'!F20 -> 0 | D7: =C7/C6 -> 0 | E7: =D7/10.764 -> 0
A8: B | B8: CIVIL WORK (INCLUDING THE COST OF THE LIFT CIVIL WORK) | C8: ='Civil work. '!F71 -> 0 | D8: =C8/C6 -> 0 | E8: =D8/10.764 -> 0
A9: C | B9: PLUMBING WORKS | C9: ='PLUMBING EST'!I235 -> 0 | D9: =C9/C6 -> 0 | E9: =D9/10.764 -> 0
A10: C | B10: ELECTRICAL WORKS INCLUDING THE COST OF THE LIFT | C10: ='ELECTRICAL ESTIMATE '!F74 -> 0 | D10: =C10/C6 -> 0 | E10: =D10/10.764 -> 0
B12: TOTAL AMOUNT | C12: =SUM(C7:C11) -> 0 | D12: =SUM(D7:D11) -> 0 | E12: =SUM(E7:E11) -> 0

Sheet Civil work. 
A1: CHATTARPUR SCHOOL RAMP
A2: ESTIMATE FOR CIVIL WORKS
A3: S.NO. | B3: DESCRIPTION | C3: UNIT | D3: QUANTITY | E3: RATE | F3: AMOUNT
B4: CIVIL WORKS | D4: BLOCK | F4: =D4 -> BLOCK
B5: CONSTRUCTED AREA | C5: SQM | D5: 51
A7: A | B7: CONCRETE AND REINFORCEMENT WORKS
A8: 1 | B8: Providing & laying PCC 1:5:10 (1 cement : 5 coarse sand : 10 graded stone aggregate 20mm nominal size) for foundation and under floor including the cost of centring and shuttering. | C8: Cum | F8: =IF(D8="R.O",0,SUM($E8*D8)) -> 0
A9: =A8+1 -> 2 | B9: Providing & laying PCC 1:4:8 (1 cement : 4 coarse sand : 8 graded stone aggregate 20mm nominal size) for foundation and under floor including the cost of centring and shuttering. | C9: Cum | F9: =IF(D9="R.O",0,SUM($E9*D9)) -> 0
A10: =+A9+1 -> 3 | B10: Providing & laying RCC M-25 with minimum cement contents 340 Kg per cum excluding cost of centering, shuttering and reinforcement but including mechanically mixing, vibrating, curing etc. complete at all floors, heights and levels . | F10: =IF(D10="R.O",0,SUM($E10*D10)) -> 0
A11: a) | B11: Foundations, rafts, pedestals, grade slab, plinth beams etc. | C11: Cum | D11: 12 | F11: =IF(D11="R.O",0,SUM($E11*D11)) -> 0
A12: b) | B12: Beams of all shapes, bracket, lintels, suspended floors, roof slabs having slope upto 15°, landings, shelves, balconies, chajjas, bands, window sills, staircases (stepped and spiral type staircases etc.) | C12: Cum | D12: 7 | F12: =IF(D12="R.O",0,SUM($E12*D12)) -> 0 | J12: =55*1.18 -> 64.9
A13: c) | B13: Columns, pillars, posts and struts, piers, walls (any thickness) etc. | C13: Cum | D13: 5 | F13: =IF(D13="R.O",0,SUM($E13*D13)) -> 0
A14: d) | B14: Staircase with waist slab and steps | C14: Cum | F14: =IF(D14="R.O",0,SUM($E14*D14)) -> 0
A15: e) | B15: Machine foundation | C15: Cum | F15: =IF(D15="R.O",0,SUM($E15*D15)) -> 0
A16: f) | B16: Beams in semi circular shape | C16: Cum | F16: =IF(D16="R.O",0,SUM($E16*D16)) -> 0
A17: =A10+1 -> 4 | B17: Extra for Concrete Grade M 30 with minimum cement contents 360 Kg per cum | C17: Cum | F17: =IF(D17="R.O",0,SUM($E17*D17)) -> 0
A18: =A17+1 -> 5 | B18: Extra for Concrete Grade M 40 with minimum cement contents 380 Kg per cum | C18: Cum | F18: =IF(D18="R.O",0,SUM($E18*D18)) -> 0
A19: 6 | B19: Providing & fixing formwork/ centering & shuttering work for all RCC elements, madeup of ordinary timber planks,plywood sheets with battens, steel plates etc.Including supports of wooden props, ms pipes or elements and Scaffolding system etc. Including all accessories,nails ,ties,binders etc. complete. to gets even finish of allelements up to required height complete. as directed and as per drawings & details etc. | F19: =IF(D19="R.O",0,SUM($E19*D19)) -> 0
A20: a) | B20: Foundations, footings, bases of columns, pedestals, plinth beam and raft etc. | C20: Sqm | D20: 2 | F20: =IF(D20="R.O",0,SUM($E20*D20)) -> 0
A21: b) | B21: Slabs, suspended floor, roofs, flat slab landings, shelves and chajja, etc. | C21: Sqm | D21: 8 | F21: =IF(D21="R.O",0,SUM($E21*D21)) -> 0
A22: c) | B22: Lintels, beams, bracket, girders, bressumers and cantilevers. | C22: Sqm | D22: 49 | F22: =IF(D22="R.O",0,SUM($E22*D22)) -> 0
A23: d) | B23: Columns, pillars, posts and struts, piers, walls (any thickness) etc. | C23: Sqm | D23: 259 | F23: =IF(D23="R.O",0,SUM($E23*D23)) -> 0
A24: e) | B24: Staircase with waist slab and steps | C24: Sqm | F24: =IF(D24="R.O",0,SUM($E24*D24)) -> 0
A25: f) | B25: Machine foundation | C25: Sqm | F25: =IF(D25="R.O",0,SUM($E25*D25)) -> 0
A26: g) | B26: Beams in semi circular shape | C26: Sqm | F26: =IF(D26="R.O",0,SUM($E26*D26)) -> 0
A27: =A19+1 -> 7 | B27: Providing & laying reinforcements high yield strength of various diameters of following grades conforming to IS code 1786 (Latest Revision) for reinforced concrete work including cutting, bending, binding with annealed 18G MS binding wire, placing in position according to drawings. (Rate shall include cost of binding wire, cover blocks, etc.) | F27: =IF(D27="R.O",0,SUM($E27*D27)) -> 0
A28: a) | B28: Grade Fe 500 | C28: MT | D28: 1 | F28: =IF(D28="R.O",0,SUM($E28*D28)) -> 0
A29: =A27+1 -> 8 | B29: Providing and laying damp proof course 40mm thick with cement concrete M-25 including shuttering, providing and mixing waterproofing material in cement concrete work @ 1 kg. per bag of cement. | C29: Sqm | F29: =IF(D29="R.O",0,SUM($E29*D29)) -> 0
A30: =A29+1 -> 9 | B30: Providing and laying 20mm thick vertical damp proof course comprising cement plaster in cement mortar 1:5 mixed with waterporrf compound of approved make as per manufacturer specification finished with floating coat of neat cement (10 Kg. cement / Sqm) complete. | C30: Sqm | F30: =IF(D30="R.O",0,SUM($E30*D30)) -> 0
A31: =A30+1 -> 10 | B31: Supplying & laying cinder cocrete 1 : 15 ( 1 cement : 15 cinder 12.5 mm nominal size ) in sunken portion including minimum compaction complete. | C31: Cum | F31: =IF(D31="R.O",0,SUM($E31*D31)) -> 0
A32: =A31+1 -> 11 | B32: Providing and laying Plum concrete of 1:4:8 concrete comprising of following:- | C32: Cum | F32: =IF(D32="R.O",0,SUM($E32*D32)) -> 0
A33: a) | B33: 1st layer of 100mm thk 1:4:8 to be laid. | F33: =IF(D33="R.O",0,SUM($E33*D33)) -> 0
A34: b) | B34: 2nd layer comprising of 200-250mm Boulder to be laid over 1st layer covering 50% of the area by slaggend way the balance area to be filled with 40mm down aggregate in such a way that at least 25% area to be left as voids where shall be filled with PCC 1:4:8 (20mm down aggregate) concrete to be much vibrated so that the voids shall be filled in proper manner. | F34: =IF(D34="R.O",0,SUM($E34*D34)) -> 0
A35: c) | B35: Layer 1 and Layer 2 to be repeated in the same sequence till the area is filled up to the required level. | F35: =IF(D35="R.O",0,SUM($E35*D35)) -> 0
A37: 0 | B37: TOTAL TO SUMMARY | C37: 0 | F37: =SUM(F8:F36) -> 0
A38: B | B38: BRICK/BLOCK WORKS | C38: 0
A39: 1 | B39: Providng and laying brick work in cement mortar 1:5 (1 cement : 5 coarse sand) using common burnt clay FPS bricks of class designation 7.5 in foundation upto plinth level including raking out joints & curing etc. | C39: Cum | F39: =IF(D39="R.O",0,SUM($E39*D39)) -> 0
A40: =A39+1 -> 2 | B40: Providng and laying brick work in cement mortar 1:6 (1 cement : 6 coarse sand) using common burnt clay FPS bricks of class designation 7.5 in super structure all complete upto all height and level. | C40: Cum | D40: 30 | F40: =IF(D40="R.O",0,SUM($E40*D40)) -> 0
A41: =A40+1 -> 3 | B41: Providing and laying half brick work in cement mortar 1:4 of common burnt clay FPS bricks of class designation 7.5 in superstructure including using 2 Nos - 6mm dia hoop iron after every third coarse. | C41: Sqm | D41: 34 | F41: =IF(D41="R.O",0,SUM($E41*D41)) -> 0
A42: =A41+1 -> 4 | B42: Providing and laying brick work in cement mortar 1:4 using common burnt clay FPS bricks of class designation 7.5 in staircase steps including cutting, chamfering of bricks etc. complete. | C42: Cum | F42: =IF(D42="R.O",0,SUM($E42*D42)) -> 0
A44: 0 | B44: TOTAL TO SUMMARY | C44: 0 | F44: =SUM(F39:F43) -> 0
A45: C | B45: FINISHING WORKS
A46: 1 | B46: Providing and applying 12-15mm thick internal wall plaster in CM 1:4 (1 cement : 4 sand using 25% coarse sand and 75% fine sand) at all heights and levels including making coving/chamfering in plaster as per drawing, scaffolding, curing etc. complete. | C46: Sqm | D46: 92 | F46: =IF(D46="R.O",0,SUM($E46*D46)) -> 0
A47: =A46+1 -> 2 | B47: Providing & applying 10mm thick plaster in CM 1:3 (1 cement : 3 coarse sand using 25% coarse sand and 75% fine sand) on ceiling including hacking the surface, scaffolding, curing & making coving/chamfering etc. at all levels and heights etc. all complete. | C47: Sqm | D47: 350 | F47: =IF(D47="R.O",0,SUM($E47*D47)) -> 0
A48: =A47+1 -> 3 | B48: Providing and laying 18-20 mm average cement plaster mix 1:6 (1 cement : 6 fine sand) in two layers on outside brick wall surface including racking joints, curing, scoffolding etc complete as per drawing,specifications and as directed by Engineer-in-charge. | C48: Sqm | D48: 92 | F48: =IF(D48="R.O",0,SUM($E48*D48)) -> 0
A49: =A48+1 -> 4 | B49: Providing and fixing GI chicken mesh at corners, column heads, junction of brick and RCC works, as directed including fixing with nails etc. prior to plastering (24G, 12mm size, galvanized chicken mesh). | C49: Sqm | F49: =IF(D49="R.O",0,SUM($E49*D49)) -> 0
A50: =A49+1 -> 5 | B50: Providing & applying two or more coats of plastic emulsion paint of approved brand and manufacture on new work over a coat of approved primer to give an even shade including preparing the surface with putty of approved quality & make complete. | C50: Sqm | D50: 116 | F50: =IF(D50="R.O",0,SUM($E50*D50)) -> 0
A51: =A50+1 -> 6 | B51: Providing & applying texture paint of approved make to external surfaces of walls as per manufacturer's specifications and approved by the Architects including preparing surface with putty of approved quality, scaffolding etc. complete. | F51: =IF(D51="R.O",0,SUM($E51*D51)) -> 0
A52: a) | B52: Superfine | C52: Sqm | D52: 110 | F52: =IF(D52="R.O",0,SUM($E52*D52)) -> 0
A53: b) | B53: Spray coat | C53: Sqm | F53: =IF(D53="R.O",0,SUM($E53*D53)) -> 0
A54: c) | B54: Perma stone | C54: Sqm | F54: =IF(D54="R.O",0,SUM($E54*D54)) -> 0
A56: 0 | B56: TOTAL TO SUMMARY | C56: 0 | F56: =SUM(F46:F55) -> 0
A57: D | B57: MISCELLANEOUS WORKS
A58: 1 | B58: Providing and fixing powder coated Aluminium work for doors, windows, ventilators and partitions with extruded built up standard tubular and other sections of approved make conforming to IS : 733 and IS : 1285, having 3 mm wall thickness of required shade, fixed with rawl/mungo plugs and screws or with fixing clips, or with expansion hold fasteners including necessary filling up of gaps at junctions, at top, bottom and sides with required PVC/neoprene felt etc. Aluminium sections shall be smooth, rust free, straight, mitred and jointed mechanically wherever required including cleat angle, Aluminium snap beading for glazing/ panelling, CP brass /stainless steel screws, tower botls, adjustable stays, hinges, door handles, door lock etc. as per design, all complete as per architectural drawings including polysulphide/silicon sealant at the junction of GI flashing and window junction to make water type, and the directions of Engineer-in-charge. [Glazing and panelling will be paid for separately].
A59: a) | B59: For fixed portion | C59: Kgs | F59: =IF(D59="R.O",0,SUM($E59*D59)) -> 0
A60: b) | B60: For shutters of doors, windows, sliding windows & ventilators including providing and fixing hinges/pivots including the cost of PVC/neoprene gasket & fittings etc. | C60: Kgs | D60: 170 | F60: =IF(D60="R.O",0,SUM($E60*D60)) -> 0
A61: =A58+1 -> 2 | B61: Providing and fixing pre-laminated three layer medium density (exterior grade) particle board Grade-I, Type-II conforming to IS : 12823 bonded with phenol formal-dehyde synthetic resin, of approved brand and manufacture in panelling fixed in aluminium doors, windows shutters and partition frames with CP brass/ stainless steel screws etc. complete as per architectural drawings and directions of Engineer-in-charge. | F61: =IF(D61="R.O",0,SUM($E61*D61)) -> 0
A62: a) | B62: 12mm thk Pre-laminated particle board with decorative lamination on both sides. | C62: Sqm | D62: 18 | F62: =IF(D62="R.O",0,SUM($E62*D62)) -> 0 | G62: =1.2*2.1*6 -> 15.12
A63: =A61+1 -> 3 | B63: Providing & fixing flush door shutters core of block board construction, synthetic resin bounded chemically impregnated with frames of first class hard wood & well matched 3mm thick ply on both faces including minimum 3mm thick teakwood lipping alround heavy type 3 Nos 125 mm size anodised aluminium butt hinges with matching screws for each shutter etc. all complete including ironmongry for each shutter.
A64: a) | B64: 38mm thk with commercial board with veneers on both sides. | C64: Sqm | D64: =3*0.9*2.1 -> 5.67 | F64: =IF(D64="R.O",0,SUM($E64*D64)) -> 0
A65: =A63+1 -> 4 | B65: Providing and fixing glazing in aluminium door, window, ventilator shutters and partitions etc. with PVC/neoprene gasket etc. complete as per the architectural drawings and the directions of Engineer-in-charge. [Cost of aluminium snap beading shall be paid in basic item] | F65: =IF(D65="R.O",0,SUM($E65*D65)) -> 0
A66: a) | B66: 5mm thick toughened glass ( weight not less than 12.50 Kg./Sqm ). | C66: Sqm | D66: 18 | F66: =IF(D66="R.O",0,SUM($E66*D66)) -> 0
A67: b) | B67: Extra over tender Item above for using 6mm thick toughened glass instead of 5mm thick toughened glass. | C67: Sqm | F67: =IF(D67="R.O",0,SUM($E67*D67)) -> 0
A68: 5 | B68: Providing and fixing artificial grass carpet/turf of approved quality, colour, texture and pile height on basement RCC columns, including cutting and shaping to column profile, necessary backing/support, adhesive/fixing arrangements, jointing, edge finishing, wastage, labour, scaffolding/ladders, tools and tackles, and all incidental works required to complete the installation in all respects as per approved sample and Engineer-in-Charge’s instructions. | C68: Sqm | D68: =1320/10.764 -> 122.63099 | F68: =IF(D68="R.O",0,SUM($E68*D68)) -> 0
A69: 0 | B69: TOTAL TO SUMMARY | C69: 0 | F69: =SUM(F58:F68) -> 0
A71: 0 | B71: GRAND TOTAL | C71: 0 | F71: =SUM(F7:F69)/2 -> 0

Sheet Flooring BOQ
A1: CHATTARPUR TEMPLE
A2: ESTIMATE FOR CIVIL WORKS
A3: S.NO. | B3: DESCRIPTION | C3: UNIT | D3: QUANTITY | E3: RATE | F3: AMOUNT
B4: CIVIL WORKS | D4: TEMPLE | F4: =D4 -> TEMPLE
B5: CONSTRUCTED AREA | C5: SQM | D5: 557
A7: A | B7: FLOORING WORKS | C7: 0
A8: 1 | B8: Providing & fixing 20mm thick pre-polished Italian Marble cladding of approved shade and pattern on RCC/brick column surfaces, fixed with approved stainless steel cramps/anchors and backing mortar/adhesive as required, including machine cutting, edge polishing, chamfering, grooves (where specified), filling joints with white cement mixed with matching marble pigment, scaffolding, and all necessary accessories, complete in all respects as per approved drawings and the instructions of the Engineer-in-Charge. The rate shall include cutting, polishing, edge finishing, fixing hardware, and all incidental works.[Basic Rate Rs.400/- per Sqft] | C8: Sqm | D8: 44 | F8: =IF(D8="R.O",0,SUM($E8*D8)) -> 0
A9: =A8+1 -> 2 | B9: Providing & laying in floor matt finish ceramic tiles without warpage, of approved make, colour and size, laid on 20mm thick cement mortar 1:4 (1 cement : 4 coarse sand) including grouting the joints with white cement and matching pigment etc. complete (Basic rate Rs.48/- per Sft). | C9: Sqm | D9: 209 | F9: =IF(D9="R.O",0,SUM($E9*D9)) -> 0
A10: =A9+1 -> 3 | B10: Providing & laying tile work in skirting and dado over 12mm thick bed of cement mortar 1:3 ( 1 cement : 3 coarse sand) and jointed with grey cement slurry @ 3.3 kg/sqm including pointing in white cement mixed with pigment of matching shade complete (Basic rate Rs.48/- per Sft). | F10: =IF(D10="R.O",0,SUM($E10*D10)) -> 0
A11: a) | B11: Ceramic tiles (as per manufacturer's specifications) | C11: Sqm | D11: 80 | F11: =IF(D11="R.O",0,SUM($E11*D11)) -> 0
A12: b) | B12: Providing and fixing of Highlighter in cladding with a Base Plaster of 20 to 25mm thickness Including the Epoxy Grout etc. complete as directed. (The basic rate of tiles shall be Rs 100/-Per Rft). | C12: Rmt | F12: =IF(D12="R.O",0,SUM($E12*D12)) -> 0
A13: =A10+1 -> 4 | B13: Providing & laying minimum 20mm thk Granite stone slabs of any size, of uniform shade in flooring and landing laid over 20mm thick base of cement of 1:4 (1 cement : 4 coarse sand) jointed with white cement slurry i/c rubbing, polishing & rounding of edges / nosing etc. complete as per specifications. (Basic Cost of Material Rs.180/Sft) | F13: =IF(D13="R.O",0,SUM($E13*D13)) -> 0
A14: a) | B14: Flooring and landing | C14: Sqm | F14: =IF(D14="R.O",0,SUM($E14*D14)) -> 0
A15: b) | B15: Wall cladding/skirting | C15: Sqm | F15: =IF(D15="R.O",0,SUM($E15*D15)) -> 0
A16: c) | B16: Same as above but on staircase steps and riser of approved shade. | C16: Sqm | F16: =IF(D16="R.O",0,SUM($E16*D16)) -> 0
A17: =A13+1 -> 5 | B17: Providing and laying 10mm thk vitrefied tiles in floor without warpage, of approved make, colour and size, laid on 20mm thick cement mortar 1:4 (1 cement : 4 coarse sand) including grouting the joints with white cement and matching pigment etc. complete in all respects as per manufacturer's specifications. [Basic Rate Rs.59/- per Sft] | C17: Sqm | D17: 376 | F17: =IF(D17="R.O",0,SUM($E17*D17)) -> 0
A18: a) | B18: Specifications same as above but in skirting/Dado. | C18: Sqm | D18: 106 | F18: =IF(D18="R.O",0,SUM($E18*D18)) -> 0
A19: 6 | B19: Providing and fixing PVC wall panel of approved make, design, colour, texture and thickness, including all necessary framework/support, adhesive, screws, fasteners, trims, corner profiles, jointing and edge finishing, cutting and fitting to required sizes, and all labour, tools, tackles, scaffolding and incidental works, complete in all respects as per approved sample, manufacturer’s specifications and as directed by the Engineer-in-Charge. | C19: Sqm | D19: 281 | F19: =IF(D19="R.O",0,SUM($E19*D19)) -> 0
A20: 0 | B20: TOTAL TO SUMMARY | C20: 0 | F20: =SUM(F8:F19) -> 0
A22: 0 | B22: GRAND TOTAL | C22: 0 | F22: =SUM(F7:F20)/2 -> 0

Sheet PLUMBING EST
A2: BILL OF QUANTITIES ( TOILET )
A3: SR. NO. | B3: BOQ ID | C3: BOQ NAME | D3: DESCRIPTION | E3: NOTES | F3: UOM | G3: QUANTITY | H3: RATE | I3: AMOUNT
D4: Covered Area (Sqm)
C5: Notes | D5: Notes
C6: Notes | D6: The Items with basic rate to be confirmed wrt tender/contract/work order and procurement of materials for items with basic rates to be initiated only after prior approval from procurement/contracts team.
C7: Notes | D7: Contractor to ensure that all the debris, unsued material is removed from work area on regular basis and area is cleaned after completion of work in the area/section.
C8: Notes | D8: Contractor to ensure that the finished work is protected against damages with proper covering/protecting material till handover of the works/project.
C9: Notes | D9: In case of fabrication works, Contractor to submit shop drawing for approval and start the work only after approval of shop drawings.
C10: Notes | D10: Prior to commmcement of painting works contractor to ensure that the colour code is approved by Client's Architect
C11: Notes | D11: Samples of all flooring, tiling, granite, CP & sanitary fittings, glasss, ACP, window, facade and any other finishing material as specified in the BOQ elsewhere shall be procured only after obtaining approval from Client's Architect.
C12: Notes | D12: All the flooring material shall be of FIRST QUALITY & free from any cracks / deformities / damages colour variations /Undulations etc
C13: Notes | D13: The contractor should furnish detailed work methodology prior to commencement of work for approval of Project Manager/ Architect for all water proofing work as directed.
C14: Notes | D14: All water proofing work shall be demonstrated to be 100% water tight and covered by 10 years guarantee in writing, on stamp paper.
C15: Notes | D15: All the items of work in the schedule of rates shall be carried out as per specifications, drawings and instructions of the Engineer‑in‑Charge
B16: WORK-CATEGORY : CIVIL WORKS | C16: WORK-CATEGORY : CIVIL WORKS
A17: A | C17: SUPERSTRUCTURE | D17: SUPERSTRUCTURE
A18: 1 | C18: Plain cement concrete | D18: Plain cement concrete
C19: Plain Cement Concrete | D19: Providing & laying in position machine mixed and machine vibrated M10 grade controlled cement concrete in all locations, at all levels, of any shape and size as per draw ings, conforming to IS 456-2000; rate to include mix design, production, pouring concrete w ith pump, vibrating, finishing, curing, testing complete as per specifications, draw ings and instructions. Rate to also include rectification and repairing of defects as per specifications and instructions as directed. Shuttering to be paid separately. Basic rate is landed price of material at site including unloading and all applicable taxes.( Note :-Cement Base Rate 225/- per Bag) | F19: Cum | I19: =ROUND(IF(G19="R.O",0,SUM($H19*G19)),0) -> 0
A20: 2 | C20: Reinforced cement concrete | D20: Reinforced cement concrete | I20: =ROUND(IF(G20="R.O",0,SUM($H20*G20)),0) -> 0
C21: Notes | D21: Note :-Scope of work under the concrete works item requires the contractor to carry out the work within specified tolerancies, rectify the defective concrete, grinding if required to remove the extra lumps from the RCC members, maintain specified levels of RCC members, remove all the shuttering material, nails etc. and hand over the site in a clean, vacant state; re-prop the slabs if they are to support extra loads than the design loads during construction of slabs above it till the time they are subjected to the extra loads. It also requires the contractor to implement health and safety measures to protect the work and human life by barricading the openings, edges, removing hazardous obstacles, providing lighting and signage till the completion of the overall work in his scope. No site mix concrete shall be allowed. Concrete shall be allowed through automated batching plant set up at site or outside RMC plant. | I21: =ROUND(IF(G21="R.O",0,SUM($H21*G21)),0) -> 0
A22: 2.1 | C22: Reinforced cement concrete | D22: Providing and laying in position design mixed reinforced cement concrete of Grade as mentioned below manufactured in automatic batching plant and transported to work location in transit mixer for all leads having continuous agitated mixer, manufactured as per approved design mix for all RCC works at all locations, of any shape and size, using graded stone aggregates of maximum 20mm nominal size obtained from approved quarry, coarse sand conforming to latest IS : 383 and cement as per approved design mix proportions conforming to latest IS : 456 including providing & mixing of admixtures in recommended proportions as per IS 9103 to accelerate / retard setting of concrete, improve workability without impairing strength and durability, including mix design, production, pumping if required, vibrating, finishing to required levels, curing, dewatering if required, all levels and heights, roughening and or hacking exposed concrete surfaces for key for plastering, grinding with carborandum stones over concrete spills / level difference in joints of concrete, testing, concreting in delayed pour strip. Rate also to include treating construction joints with approved construction chemicals, rectification and repairing of defects as per specifications and instructions etc. all complete as per drawings, specifications as directed. (Excluding the cost of centering, shuttering and steel reinforcement) | I22: =ROUND(IF(G22="R.O",0,SUM($H22*G22)),0) -> 0
A23: 2.1.1 | C23: In walls, In columns in a square / rectangular profile, In slabs, floor beams & lintel beams etc. | D23: In walls, In columns in a square / rectangular profile, In slabs, floor beams & lintel beams etc. | I23: =ROUND(IF(G23="R.O",0,SUM($H23*G23)),0) -> 0
A24: 2.1.1.1 | C24: Grade of concrete M-25 | D24: Grade of concrete M-25 | F24: Cum | I24: =ROUND(IF(G24="R.O",0,SUM($H24*G24)),0) -> 0
A25: 2.1.1.2 | C25: Grade of concrete M-30 | D25: Grade of concrete M-30 | F25: Cum | I25: =ROUND(IF(G25="R.O",0,SUM($H25*G25)),0) -> 0
A26: 2.1.1.3 | C26: Grade of concrete M-35 | D26: Grade of concrete M-35 | F26: Cum | I26: =ROUND(IF(G26="R.O",0,SUM($H26*G26)),0) -> 0
A27: 2.1.1.4 | C27: Grade of concrete M-40 | D27: Grade of concrete M-40 | F27: Cum | I27: =ROUND(IF(G27="R.O",0,SUM($H27*G27)),0) -> 0
A28: 2.1.2 | C28: In wall stiffeners & bands, sills, copings, bunds etc. | D28: In wall stiffeners & bands, sills, copings, bunds etc. | I28: =ROUND(IF(G28="R.O",0,SUM($H28*G28)),0) -> 0
A29: 2.1.2.1 | C29: Grade of concrete M-25 | D29: Grade of concrete M-25 | F29: Cum | I29: =ROUND(IF(G29="R.O",0,SUM($H29*G29)),0) -> 0
A30: 2.1.2.2 | C30: Grade of concrete M-30 | D30: Grade of concrete M-30 | F30: Cum | I30: =ROUND(IF(G30="R.O",0,SUM($H30*G30)),0) -> 0
A31: 2.1.2.3 | C31: Grade of concrete M-35 | D31: Grade of concrete M-35 | F31: Cum | I31: =ROUND(IF(G31="R.O",0,SUM($H31*G31)),0) -> 0
A32: 2.1.2.4 | C32: Grade of concrete M-40 | D32: Grade of concrete M-40 | F32: Cum | I32: =ROUND(IF(G32="R.O",0,SUM($H32*G32)),0) -> 0
A33: 2.2 | C33: Precast lintels size 230mm x 150mm in RCC M25 grade | D33: Providing and laying Precast lintels size 230mm x 150mm in RCC M25 grade with necessary reinforcements as per approved design and details. Rate to be inclusive of curing, Scaffolding, Staging, Compaction, shuttering, reinforcement etc., all complete as per approved design, drawing, specification and as directed. | F33: Rmt | I33: =ROUND(IF(G33="R.O",0,SUM($H33*G33)),0) -> 0
A34: 2.3 | C34: Precast lintels size 115mm x 150mm in RCC M25 grade | D34: Providing and laying Precast lintels size 115mm x 150mm in RCC M25 grade with necessary reinforcements as per approved design and details. Rate to be inclusive of curing, Scaffolding, Staging, Compaction, shuttering, reinforcement etc., all complete as per approved design, drawing, specification and as directed. | F34: Rmt | I34: =ROUND(IF(G34="R.O",0,SUM($H34*G34)),0) -> 0
A35: 3 | C35: Shuttering | D35: Shuttering | I35: =ROUND(IF(G35="R.O",0,SUM($H35*G35)),0) -> 0
A36: 3.1 | C36: Centering & Shuttering Work | D36: Providing & fixing in position, Centering & Shuttering Work at all levels, locations with approved quality material like plywood / Metal for different RCC members of all necessary shapes, sizes and orientation, joints, elements as enumerated below, any other detail, including strutting, scaffolding, propping, bracing, fastener nails, wires, providing and applying de-shuttering oil; removal or otherwise supporting formwork for concrete items as indicated and include cost of holding the forms in place for the specified time period, required by the concrete in the forms to gain sufficient required/designed strength, deshuttering on specified duration after concreting, packing/closing of holes after concreting and deshuttering with approved material/grout, the rates for the above items shall include for all consumables such as shuttering oil, nails, thermocol, providing holes, cutouts, slits and depressions, labour for fixing adequate pipe sleeves at all indicated locations with all leads and lifts etc. all complete as per drawings, specifications as directed. The formwork / shuttering for providing construction joints in concrete shall not be measured seperately. | I36: =ROUND(IF(G36="R.O",0,SUM($H36*G36)),0) -> 0
A37: 3.1.1 | C37: In walls, In columns in a square / rectangular profile, In slabs, floor beams & lintel beams etc. | D37: In walls, In columns in a square / rectangular profile, In slabs, floor beams & lintel beams etc. | F37: Sqm | I37: =ROUND(IF(G37="R.O",0,SUM($H37*G37)),0) -> 0
A38: 3.1.2 | C38: In wall stiffeners & bands, sills, copings, bunds etc. | D38: In wall stiffeners & bands, sills, copings, bunds etc. | F38: Sqm | I38: =ROUND(IF(G38="R.O",0,SUM($H38*G38)),0) -> 0
A39: 4 | C39: Reinforcement Steel | D39: Reinforcement Steel | I39: =ROUND(IF(G39="R.O",0,SUM($H39*G39)),0) -> 0
A40: 4.1 | C40: steel reinforcement bars | D40: Providing and fixing in position steel reinforcement bars (tested & prime quality, no re-rolled steel shall be used) in all categories and for all heights, levels, locations etc. including straightening, cutting, bending, hooking, binding with 18 gauge galvanized binding wires and keeping it in position during concreting by means of stays, blocks, ties, spacers, chairs, hangars. The rate shall include for binding wire, cover blocks, labour, loading and un-loading charges, transporation & other incidental charges, testing charges by approved agency as per relevant IS code/specification. Only authorised laps, hangars, spacers, chairs shall be measured and paid as per IS 1200 etc. all complete as per drawings, specifications and as directed. Note :- Scope of work under this item requires the contractor to submit a bar bending schedule and carry out the work as per approved bar bending schedule only. | I40: =ROUND(IF(G40="R.O",0,SUM($H40*G40)),0) -> 0
A41: 4.1.1 | C41: TMT bars conforming to latest IS-1786, grade Fe-500 | D41: TMT bars conforming to latest IS-1786, grade Fe-500 | F41: MT | I41: =ROUND(IF(G41="R.O",0,SUM($H41*G41)),0) -> 0
A42: 4.1.2 | C42: TMT bars conforming to latest IS-1786, grade Fe-500D | D42: TMT bars conforming to latest IS-1786, grade Fe-500D | F42: MT | I42: =ROUND(IF(G42="R.O",0,SUM($H42*G42)),0) -> 0
A43: 5 | C43: STRUCTURAL STEEL | D43: STRUCTURAL STEEL | I43: =ROUND(IF(G43="R.O",0,SUM($H43*G43)),0) -> 0
A44: 5.1 | C44: structural steel works of MS rolled single / built-up sections | D44: Supplying, fabricating, assembling, hoisting / erecting and fixing in position at locations specified below, structural steel works of MS rolled single / built-up sections conforming to IS 2062, including joist, channel, angle, tee, plates (plain or chequered) etc. all as per structural drawings and as per detailed specifications (for materials & workmanship) including necessary scaffolding / staging etc. complete in the situations described hereinafter and comprising of i) Profile Cutting of components to required lengths/widths and shapes/profiles, ii) Smooth grinding / machining of edges / faces / all welding joints iii) Preparing the surface to ensure complete removal of mill scale by using wire brushes & sand papering iv) Necessary welding (electric arc welding) for required weld lengths and sizes v) Providing and applying two coats of synthetic enamel paint of approved colour including single coat of zinc phosphate primer, cleaning and preparing the surfaces, filling the crevices with approved filler etc. 'Note: The contractor shall submit fabrication drawings for work involved based on construction drawings (that may be issued during construction period) for approval of the client / Client's Structural consultant. The fabrication work shall start only after approval of the fabrication drawings. etc. all complete as per approved fabrication drawings, specifications and as directed. | I44: =ROUND(IF(G44="R.O",0,SUM($H44*G44)),0) -> 0
A45: 5.1.1 | C45: In MS supporting system for roofing including connecting plates | D45: In MS supporting system for roofing including connecting plates | F45: MT | I45: =ROUND(IF(G45="R.O",0,SUM($H45*G45)),0) -> 0
A46: 5.2 | C46: MS structural work in Insert plate / base plate, cap plate, chequered plate, Hollow Mild Steel Sections | D46: Providing, fabricating, erecting, fixing in position and connecting, MS structural work in Insert plate / base plate, cap plate, chequered plate, Hollow Mild Steel Sections conforming to IS 2062/ IS 1161/ IS 4923 as applicable, brackets with welding, providing bolts & nuts, washers, check nuts etc. welding electrode brand should be of approved make. Rate to include transporting of material to work site, loading & unloading of material, cutting, welding (shop and site), bolting wherever necessary, erecting in position bolting / welding to foundation, hold fast for insert plates, aligning & levelling, providing shim plate / grouting including Grit blasting, applying zinc phosphate shop coat in yard, and same primer coat after erection of structure and two coats of approved synthetic enamel paint on structural steel surface and wastage over the approved measured quantity. ( 1‐COATS OF ZINC PHOSPHATE & 2‐ COAT OF SYNTHETIC ENAMEL PAINT) Note: The contractor shall submit fabrication drawings for work involved based on construction drawings (that may be issued during construction period) for approval of the client / Client's Structural consultant. The fabrication work shall start only after approval of the fabrication drawings. etc. all complete as per approved fabrication drawings, specifications and as directed. | I46: =ROUND(IF(G46="R.O",0,SUM($H46*G46)),0) -> 0
A47: 5.2.1 | C47: In MS supporting system for roofing | D47: In MS supporting system for roofing | F47: MT | I47: =ROUND(IF(G47="R.O",0,SUM($H47*G47)),0) -> 0
A48: 5.3 | C48: precoated galvanised iron profile sheets | D48: Providing and fixing precoated galvanised iron profile sheets of size, shape and pitch of corrugation as approved design, 0.45mm total coated thickness with zinc coating as per IS: 277, in 240 mpa steel grade. Sheet should have protective guard film of minimum25 microns to avoid scratches during transportation. The sheet shall be fixed using self drilling /self tapping screws, with EPDM seal, complete upto any pitch in horizontal/ vertical or curved surfaces, cutting to size and shape including roofing accessories such as flashings, Gutter, ridges wherever required etc. all complete as per approved fabrication drawings, specifications and as directed. | F48: Sqm | I48: =ROUND(IF(G48="R.O",0,SUM($H48*G48)),0) -> 0
A49: 5.4 | C49: High strength bolts | D49: Supply, Fixing and Installing in position at all level and of all diameter; High strength bolts, nuts, washers, etc. Conforming to IS Grade 8.8 for structural steel column, beams, angles, portal frames, steel structure etc. complete as per drawing and specifications and as directed. | F49: Nos | I49: =ROUND(IF(G49="R.O",0,SUM($H49*G49)),0) -> 0
A50: 5.5 | C50: Anchor Bolt | D50: Fixing anchor bolt in position with nuts, pipe sleaves & Plates with necessary alignment as per drawing, the work shall be complete as per specification and as directed. (Bolts & Templates will be supplied by the PEB vendor) | I50: =ROUND(IF(G50="R.O",0,SUM($H50*G50)),0) -> 0
A51: 5.5.1 | C51: Bolt M-12 | D51: Bolt M-10 | F51: Nos | I51: =ROUND(IF(G51="R.O",0,SUM($H51*G51)),0) -> 0
A52: 6 | C52: Block Masonry (Solid Block) | D52: Block Masonry (Solid Block) | I52: =ROUND(IF(G52="R.O",0,SUM($H52*G52)),0) -> 0
A53: 6.1 | C53: Solid block works | D53: Providing and constructing Solid block of approved make in cement mortar 1:6 (1 part Cement : 6 parts coarse sand) proportion in walls, piers and architectural features, similar type of works using approved quality blocks of strength of minimum 40 to 60 Kg / Sq cm including scaffolding, racking of joints in line and level, at all heights, elevations, level, locations, curing, raking out joints, wastage, cleaning, removing debris, with all leads and lifts etc. complete as per drawings, technical specifications and as directed. Note : The rate for 150mm/100mm thick blockwork shall include for RCC M20 grade band at sill level and at lintel level, to correct line, level and plumb etc. complete | I53: =ROUND(IF(G53="R.O",0,SUM($H53*G53)),0) -> 0
A54: 6.1.1 | C54: In 200mm thick | D54: In 200mm thick | F54: Cum | I54: =ROUND(IF(G54="R.O",0,SUM($H54*G54)),0) -> 0
A55: 6.1.2 | C55: In 150mm thick | D55: In 150mm thick | F55: Sqm | I55: =ROUND(IF(G55="R.O",0,SUM($H55*G55)),0) -> 0
A56: 6.1.3 | C56: In 100mm thick | D56: In 100mm thick | F56: Sqm | I56: =ROUND(IF(G56="R.O",0,SUM($H56*G56)),0) -> 0
A57: 6.2 | C57: Note: if AAC blocks to be used then joints to be finished with AAC block jointing mortor as per manufacturer's specifications | D57: Note: if AAC blocks to be used then joints to be finished with AAC block jointing mortor as per manufacturer's specifications | I57: =ROUND(IF(G57="R.O",0,SUM($H57*G57)),0) -> 0
A58: 7 | C58: Brick Masonry | D58: Brick Masonry | I58: =ROUND(IF(G58="R.O",0,SUM($H58*G58)),0) -> 0
A59: 7.1 | C59: brick masonry works | D59: Providing and constructing brick masonry works using common burnt clay FPS bricks / fly ash in cement mortar 1:6 (1 cement : 6 coarse sand) using approved quality bricks having minimum crushing strength of 7KN/sqm, conforming to IS : 2185 (Part- I), including cutting, chamfering of bricks to correct line, level and plumb including providing independent double legged scaffolding if required, racking out of joints, wastage, curing etc., to all leads and lifts, locations, heights and levels complete as per drawing and specifications and as directed. Note : The rate for 150mm/115mm thick blockwork shall include for RCC M20 grade band at sill level and at lintel level and at the top for all thickness if masonry is not touching the concrete surface, to correct line, level and plumb etc. complete | I59: =ROUND(IF(G59="R.O",0,SUM($H59*G59)),0) -> 0
A60: 7.1.1 | C60: In 230mm thick | D60: In 230mm thick | F60: Cum | I60: =ROUND(IF(G60="R.O",0,SUM($H60*G60)),0) -> 0
A61: 7.1.2 | C61: In 150mm thick | D61: In 150mm thick | F61: Sqm | I61: =ROUND(IF(G61="R.O",0,SUM($H61*G61)),0) -> 0
A62: 7.1.3 | C62: In 115mm thick | D62: In 115mm thick | F62: Sqm | I62: =ROUND(IF(G62="R.O",0,SUM($H62*G62)),0) -> 0
A63: 8 | C63: Cement Plaster | D63: Cement Plaster | I63: =ROUND(IF(G63="R.O",0,SUM($H63*G63)),0) -> 0
A64: 8.1 | C64: 12mm thick plaster in cement mortar 1:4 (1 cement : 4 fine sand); to internal surfaces | D64: Providing and applying 12mm thick plaster in cement mortar 1:4 (1 cement : 4 fine sand); to internal surfaces of concrete and masonry work; including raking out joints, hacking concrete surfaces, preparing junctions of concrete / masonry by neat cleaning, preparing jambs, sills, grooves, pattas, wattas, rounding of corners, etc. all complete as per architectural drawings, specifications and finished smooth with wooden rundha / rough to receive further finishing work etc. or as specified by the Engineer; at all leads, depth and lifts, including providing independent double-legged scaffolding, cleaning of surfaces, curing, providing & fixing G.I. Hexagonal chicken wire mesh confirming to IS : 3150 at the junction of dissimilar surfaces of brick / block masonry wall and RCC column / beams and the like including necessary "U" nails / screws with cleats for fixing, overlapping etc., all complete as per approved design, drawing, specification and as directed. | F64: Sqm | I64: =ROUND(IF(G64="R.O",0,SUM($H64*G64)),0) -> 0
A65: 8.2 | C65: minimum 20 mm thick external sand faced cement sand plaster | D65: Providing and applying minimum 20 mm thick external sand faced cement sand plaster in two coats, first coat to be 12 mm thick cement sand mortar 1:4 (1 cement : 4 coarse sand) including mixing approved pure acrylic based water proofing compound in the proportion recommended by the manufacturer in both the layers, keeping the surface of the base coat rough to receive sand faced treatment. Second coat to be 8 mm thick in cement sand mortar 1:3 (1 cement : 3 coarse sand) , finishing the surface, by taking out grains or keeping the surface rough to receive finishing work or as required to receive specified architectural external finish, to correct line, plumb and level to external faces of walls, soffits/ceiling if any, including racking out junctions of masonry and concrete and other dissimilar materials, hacking closely concrete surfaces, apply chemical adhesive coating to concrete surfaces wherever required and then apply a scratch coat plaster (prior to main plaster for positive bond), independent double legged scaffolding etc. Item also include plastering to precast concrete window sills, RCC cornices, making wattas, drip moulds, pattas, grooves (other than specially listed hereunder),etc.,doing curing, cleaning, providing & fixing G.I. Hexagonal chicken wire mesh confirming to IS : 3150 at the junction of dissimilar surfaces of brick / block masonry wall and RCC column / beams and the like including necessary "U" nails / screws with cleats for fixing, overlapping etc., all complete as per approved design, drawing, specification and as directed. | F65: Sqm | I65: =ROUND(IF(G65="R.O",0,SUM($H65*G65)),0) -> 0
A66: 8.3 | C66: 12 to 15 mm thick Fine Gypsum plaster | D66: Providing & Applying 12 to 15 mm thick Fine Gypsum plaster of approved make on internal RCC wall / beam & block wall and Ceilings surfaces along with Bonding agents to be used on all RCC surfaces before applying gypsum. Rate shall be include for Surface Preparation, filling cracks in the background if any, surface cleaning / curing (if required), finishing of Electrical Switch Boxes, light points, DBs etc and necessary staging, scaffolding, G.I. diamond mesh, at all levels and elevations and also include cost of material, labour, unloading and shifting of material, water, lifts, leads, cleaning the work area after completion etc., all complete as per approved design, drawing, specification and as directed. | F66: Sqm | I66: =ROUND(IF(G66="R.O",0,SUM($H66*G66)),0) -> 0
A67: 8.4 | C67: 12mm thick waterproof plaster for dado in W.C. and bath rooms | D67: Providing and applying 12mm thick waterproof plaster for dado in W.C. and bath rooms in cement mortar 1:4 (1 cement : 4 fine sand) with neat finishing, floating using waterproofing compound of approved make and manufacturer at the rate of 1 Kilogram per bag of cement and curing; to internal surfaces of concrete and masonry work; including raking out joints, hacking concrete surfaces, preparing junctions of concrete / masonry by neat cleaning, preparing jambs, sills, grooves, pattas, wattas, rounding of corners, etc. all complete as per architectural drawings, specifications and finished smooth with wooden rundha / rough to receive further finishing work etc. or as specified by the Engineer; at all leads, depth and lifts, including providing independent double-legged scaffolding, cleaning of surfaces, curing, providing & fixing G.I. Hexagonal chicken wire mesh confirming to IS : 3150 at the junction of dissimilar surfaces of brick / block masonry wall and RCC column / beams and the like including necessary "U" nails / screws with cleats for fixing, overlapping etc., all complete as per approved design, drawing, specification and as directed. | F67: Sqm | I67: =ROUND(IF(G67="R.O",0,SUM($H67*G67)),0) -> 0
A68: 9 | C68: FLOORING, SKIRTING & CLADDING | D68: FLOORING, SKIRTING & CLADDING | I68: =ROUND(IF(G68="R.O",0,SUM($H68*G68)),0) -> 0
A69: 9.1 | C69: polished granite Works | D69: Providing & laying in position 18mm thk. mirror polished granite of approved colour & size all as per drawing, laid over appropriate thickness of mortar as per drawing (to make up required finished floor level) in mix 1:6, joints shall be pointed with the matching cement based polymer grout with polished and unpolished surfaces of the slabs shall be finished with sealer coats of approved make and complete. in case of Treads and risers to be of single piece to full width of step. The front edge of treads shall be of single thickness, by attaching another piece of polished Granite stone of the same material for full length of tread using epoxy adhesive, duly laminated the edges bull nosed and finished neat with pigmented cement, rounding or chamfer on edges, V grooves etc. all as per drawings including polishing the floor three or more coats as required to produce a mirror finish, wax polishing, etc. all complete as per approved design, drawing, specification and as directed. | F69: Sqm | I69: =ROUND(IF(G69="R.O",0,SUM($H69*G69)),0) -> 0
A70: 9.1.1 | C70: In Landings | D70: In Landings | F70: Sqm | I70: =ROUND(IF(G70="R.O",0,SUM($H70*G70)),0) -> 0
A71: 9.1.2 | C71: In treads | D71: In treads | F71: Sqm | I71: =ROUND(IF(G71="R.O",0,SUM($H71*G71)),0) -> 0
A72: 9.1.3 | C72: In Risers | D72: In Risers | F72: Sqm | I72: =ROUND(IF(G72="R.O",0,SUM($H72*G72)),0) -> 0
A73: 9.1.4 | C73: Vertical for the flower beds | D73: Vertical for the flower beds | F73: Sqm | I73: =ROUND(IF(G73="R.O",0,SUM($H73*G73)),0) -> 0
A74: 9.1.5 | C74: Door threshould & Ramp strips | D74: Door threshould & Ramp strips | F74: Rmt | I74: =ROUND(IF(G74="R.O",0,SUM($H74*G74)),0) -> 0
A75: 9.1.6 | C75: in twin Granite frame but with 1:4 cement mortar | D75: in twin Granite frame but with 1:4 cement mortar | F75: Rmt | I75: =ROUND(IF(G75="R.O",0,SUM($H75*G75)),0) -> 0
A76: 9.1.7 | C76: 250mm wide granite sill | D76: 250mm wide granite sill with 6mm chamfer, edge polish, projected 6mm out at external glazing, as per pattern indicated in drawing set in cementious adhesive, Joints in the sill to be filled with grout of approved shade as per manufacturer's specifications etc. all complete as per approved design, drawing, specification and as directed. | F76: Sqm | I76: =ROUND(IF(G76="R.O",0,SUM($H76*G76)),0) -> 0
A77: 9.1.8 | C77: in ledges, copings, over bund walls or any other location | D77: in ledges, copings, over bund walls or any other location fixed in white cement slurry floated over bed mortar pigmented to match the shade of stone slab, joints to have hairline finish (unless otherwise specified) and finished with matching coloured pigment and white /grey cement etc. all complete as per approved design, drawing, specification and as directed. | F77: Rmt | I77: =ROUND(IF(G77="R.O",0,SUM($H77*G77)),0) -> 0
A78: 9.1.9 | C78: Kota Flooring | D78: Providing and fixing machine cut, mirror pre-polished Green Kota stone slab skirting, (as specified below), of 100 mm height, of approved shade on walls, columns, partitions, including 15mm thick backing coat of cement mortar in 1:3 (1 cement : 3 coarse sand), fixed in grey cement slurry / paste with matching pigment for joints, joints to match with the line of floor joints, edge polishing etc., complete as per drawings and details and as directed by the Engineer. | I78: =ROUND(IF(G78="R.O",0,SUM($H78*G78)),0) -> 0
A79: 9.1.9.1 | D79: Skirting in approved machine cut mirror pre-polished Green Kota stone slabs, 20mm thick | F79: Sqm | I79: =ROUND(IF(G79="R.O",0,SUM($H79*G79)),0) -> 0
A80: 10 | C80: VITRIFIED TILES FLOORING & DADO WORK | D80: VITRIFIED TILES FLOORING & DADO WORK | I80: =ROUND(IF(G80="R.O",0,SUM($H80*G80)),0) -> 0
A81: 10.1 | C81: TILES FLOORING | D81: Providing and laying tiles of approved make, shade, sizes, quality and conforming to IS 15622-2006, IS 13630, in approved pattern for flooring and similar other locations as shown in the drawings laid over a bed of cement mortar 1:4 with cement slurry. The joints between tiles to be maintained with 2mm thick spacers & same to be filled with impervious epoxy tile grout of approved make, shade etc. Rate to include finishing to required level, curing, protecting the flooring with polythene sheet till handing over, cleaning with dilute acid etc., all complete as per approved design, drawings, specifications and as directed. | I81: =ROUND(IF(G81="R.O",0,SUM($H81*G81)),0) -> 0
A82: 10.1.1 | C82: In Anti-skid Vitrified tiled flooring | D82: In Anti-skid Vitrified tiled flooring | F82: Sqm | I82: =ROUND(IF(G82="R.O",0,SUM($H82*G82)),0) -> 0
A83: 10.1.2 | C83: In Anti-skid ceramic tiled flooring | D83: In Anti-skid ceramic tiled flooring | F83: Sqm | I83: =ROUND(IF(G83="R.O",0,SUM($H83*G83)),0) -> 0
A84: 10.1.3 | C84: In Matt finished Vitrified tiled flooring | D84: In Matt finished Vitrified tiled flooring | F84: Sqm | I84: =ROUND(IF(G84="R.O",0,SUM($H84*G84)),0) -> 0
A85: 10.2 | C85: Ceramic Wall tiles | D85: Providing and fixing Ceramic Wall tiles of approved make, shade , sizes, quality for skirting/ dado/ cladding and similar other locations as per pattern indicated in drawing and conforming to IS 13630, including cutting to required shape, fixing the tiles on wall with rich cement mix, finished to proper line, levels. The joints between tiles to be maintained with 2mm thick spacers & same to be filled with impervious epoxy tile grout of approved make, shade etc. Rate to include the cost of making cut-outs for electrical outlet, curing, cleaning with dilute acid etc., all complete as per approved design, drawing, specification and as directed. | F85: Sqm | I85: =ROUND(IF(G85="R.O",0,SUM($H85*G85)),0) -> 0
A86: 11 | C86: Waterproofing | D86: Waterproofing | I86: =ROUND(IF(G86="R.O",0,SUM($H86*G86)),0) -> 0
A87: 11.1 | C87: pure acrylic based Polymer Modified Cementitious water proofing treatment | D87: Providing and laying pure acrylic based Polymer Modified Cementitious water proofing treatment to horizontal & vertical surfaces upto the required height of 1 meter and bottom of toilet sunken slabs, trenches or any other locations as directed, with proper gradient, protective topping suitably finished or keeping rough to receive tiles, surface preparation, injection grouting wherever required using shrinkage compensating plasticising admixture etc. complete all as detailed hereinafter including testing for leak-proofness, 7 days pond test with guarantee for a period 10 years etc. complete. (i) Applying Ist coat of approved pure acrylic Polymer Modified Cementitious water proofing compound (pure acrylic co-polymer) mixed with cement in proportion of 1: 1.25 (1 pure acrylic Polymer Modified Cementitious water proofing compound : 1.25 Cement) by weight. (ii) Applying IInd coat of approved pure acrylic Polymer Modified Cementitious water proofing compound (pure acrylic co-polymer) mixed with cement in proportion of 1: 1.25 (1 pure acrylic Polymer Modified Cementitious water proofing compound : 1.25 Cement) by weight, keeping 24 hour interval between successive coats. After 24 hours of air curing, the treated surface shall be kept wet using hessian cloth for next 3-4 days. (iii) After 3-4 days of curing, apply IIIrd coat of approved pure acrylic Polymer Modified Cementitious water proofing compound (pure acrylic co-polymer) mixed with cement in proportion of 1: 1.25 (1 pure acrylic Polymer Modified Cementitious water proofing compound : 1.25 Cement) by weight (iv) Applying 12mm thick protective screed plaster in cement mortar 1:3 (1 cement : 3 coarse sand) mixed with pure acrylic based water-proofing compound as per manufacturer's specification, keeping the surface rough to receive further finishing coat / tiles, curing, The rate includes cleaning the slab surface of all mortar fallings, opening, filling / grouting cracks, injection grouting to RCC surfaces, necessary curing and drying period for each coat, providing proper bonding keys in each layer and 75mm vata on all junctions etc. all complete as per drawings,as per manufacturer's guide lines, specification and as directed. | F87: Sqm | I87: =ROUND(IF(G87="R.O",0,SUM($H87*G87)),0) -> 0
A88: 12 | C88: Brick Bat filling | D88: Brick Bat filling | I88: =ROUND(IF(G88="R.O",0,SUM($H88*G88)),0) -> 0
A89: 12.1 | C89: waterproofing in W.C. and bath including brick bat coba | D89: Providing waterproofing in W.C. and bath including brick bat coba in all position including providing and laying 12mm bedding in cement mortor 1:3 on vergin concrete slab or laying surface with waterproofing compound @ 1Kilogram/per bag of cement or as per manufacturer's recommandation, laying brick bat coba of required thickness in cm 1:5 with waterproofing compound 1 Kilogram/bag of cement grouting and finishing the top layer with 20mm thick brick bedding in cm mortor 1:3 with waterproofing compound 1 Kilogram/per bag of cement and testing the treated portion for 7days by pond test and covering ten years' guarantee on requisite stamp paper including curing etc., all complete as per approved design, drawing, specification and as directed. | F89: Cum | I89: =ROUND(IF(G89="R.O",0,SUM($H89*G89)),0) -> 0
A90: 12.2 | C90: toilet waterproofing | D90: Providing & applying toilet waterproofing as per below specifications, Part-A; 1) The surface shall be cleaned thoroughly for and any mortar droppings, debris etc., mechanically abraded with carborandum stone, wire brush and washed with plenty of water. The surface shall be free from dust, dirt and foreign materials before starting the treatment. 2). Before starting the grouting process, a 75mm depth water ponding for 10 days shall be carried out after plugging the trap hole to identify any loose pockets which have potential for leakage and create water ingress in the floor slab. 3) All construction joints, honey combed concrete, leakage / damp areas in the slab shall be treated with pressure grouting using cement slurry mixed with an approved grout admixture at the rate of 0.45 Kg per bag of cement. The pressure grouting shall be done through sockets to fill the pores in the concrete at construction joints, vertical surfaces, columns and wherever leakages are expected during cleaning / water ponding of the surface. The junction of vertical and horizontal surface shall have the CANTS at 450 using water resistant polymer additive modified mortar CM 1:3 as detailed in drawings. 4) All water supply and sanitary lines in the toilets shall be sealed with an approved silicone sealant all-round the pipes including grouting with cement slurry mixed with an approved grout admixture as detailed in drawings. 5). After the above said steps of primary treatment, the slab surface shall be applied with primer coat consisting of cement slurry admixed with an approved grout admixture at the rate of 225 gms per bag of cement. The primer coat shall be neatly filled to seal all voids, pores, undulation in the surface to make the surface water tight Part B; 1). After completion of the primary treatment a layer of two coats of an approved equivalent cementitious acrylic waterproofing coats shall be carried out on horizontal and vertical surfaces of the toilet as shown in the drawings. The coated surface should be water cured for a minimum period of three days. 2) On completion of curing process, a layer of CM 1:4, 20 to 25 mm thick water proofing plaster admixture with an approved integral waterproofing compound at the rate of 130 ml per bag of cement shall be carried out in 2 layers. Broken jelly may be placed on the 1st coat of plaster for 2nd coat plaster work. The necessary slopes from entrance door towards water escape pipe shall be made in accordance to the site requirement as detailed in drawing. The waterproofing treatment shall be carried out on all side walls up to 600mm above toilet finished floor level and all beam tops, junction etc. 3) The treated surface shall be flooded with water upto slab drop for a minimum period of 4 days for curing cum testing purposes. After 4 days, get the same checked and certified before proceeding for further activity. During this period, leakage, dampness etc., shall be observed and if any defects found shall be arrested immediately before starting further activities. Part C; the depth of sunk is 300mm the same shall be made up by using well burnt selected brick bats free from over and under burnt brick bats shall be laid to the require slope. Admixture with an approved integral waterproofing compound including the gap between the brick bats to also be grouted with the same mortar. A layer of 50mm thick M20 screed concrete to the required level and gradient admixture with an approved integral waterproofing compound shall be carried out before tiling layer taken up. etc. including testing for leak-proofness, 7 days pond test, with guarantee for a period 10 years etc. all complete as per detailed, drawings , specifications and as directed by engineer in charge. | F90: Sqm | I90: =ROUND(IF(G90="R.O",0,SUM($H90*G90)),0) -> 0
A91: 13 | C91: Wooden Doors | D91: Wooden Doors | I91: =ROUND(IF(G91="R.O",0,SUM($H91*G91)),0) -> 0
A92: 13.1 | C92: Providing and fixing wood work in frames for doors | D92: Providing and fixing wood work in frames for doors shaped to size and designs as indicated in the drawing including cutting, plaining, making rebates, jointing as directed, fixing in position to jambs with heavy duty PVC rawl plugs and counter sunk flush bolts (countersunk area of the door frame shall be filled and finished to match as directed) of approved size and quality minimum 6 nos. per door, (or with holdfasts of 225 mm x 40mm x 3mm MS flats, splayed at ends, minimum 6 nos. per door, fixed with screws to wooden frames and 1:3:6 concrete blocks of 400 x 200 x 250mm for embedding holdfasts), 'with two coats of approved wood preservative to the unexposed faces & in joints including finishing the frame in approved synthetic enamel paint of approved colour to match laminate of the shutter, etc. all complete all per approved drawings and as directed by the Engineer. 'Using approved seasoned Steam Beech wood finished with three coats of melamine polish and as per profile shown in the drawings. | F92: Cum | I92: =ROUND(IF(G92="R.O",0,SUM($H92*G92)),0) -> 0
A93: 13.2 | C93: 35mm thick single leaved flush door shutters | D93: Providing and fixing 35mm thick single leaved flush door shutters of solid core block, construction with stile frame, rails and internal lipping out of hardwood well seasoned and kiln dried, bonded with phenol formaldehyde synthetic resin, ply facing, including 12mm thick teak wood beading all around the edges of shutter internal / external side as shown in the drawings, teak wood edge lipping finished in approved synthetic enamel paint, providing and installing 50 x 20mm sized architraves (on inner side of door), Shutters to be finished both sides with 1mm thick laminate of approved make, shade and quality, necessary accessories, SS screws, bottom & side door seals, Rate shall include providing and fixing all SS 304 Grade iron mongaries as specified including necessary cutouts etc., complete as per approved design, drawing, specification and as directed. | I93: =ROUND(IF(G93="R.O",0,SUM($H93*G93)),0) -> 0
A94: 13.2.1 | C94: (For Door D2) 900mm x 2100 mm with louvered ventilator of 150mm height | D94: (For Door D2) 900mm x 2100 mm with louvered ventilator of 150mm height at bottom and of required width & including iron mongaries such as i) 4 nos. of heavy duty butt hinges of 127 x 76 x 3mm per shutter ii) 1 No. door stopper per Shutter, iii) surface / exposed door closer, iv) 300mm long pull handles, v) Knob etc. | F94: Sqm | I94: =ROUND(IF(G94="R.O",0,SUM($H94*G94)),0) -> 0
A95: 13.2.2 | C95: (For Door D1) 750mm x 1945 mm including iron mongaries | D95: (For Door D1) 750mm x 1945 mm including iron mongaries such as i) 4 nos. of heavy duty butt hinges of 127 x 76 x 3mm per shutter ii) 1 No. door stopper per Shutter, iii) baby latch iv) 125mm long pull handles, v) Knob etc. | F95: Sqm | I95: =ROUND(IF(G95="R.O",0,SUM($H95*G95)),0) -> 0
A96: 14 | C96: PAINTING | D96: PAINTING | I96: =ROUND(IF(G96="R.O",0,SUM($H96*G96)),0) -> 0
A97: 14.1 | C97: Plastic Emulsion Paint | D97: Providing & applying Plastic Emulsion Paint 90-100 microns, premium quality of approved make and shade, Low VOC, water based, including scaffolding at all levels surface preparation uniformity & smoothness, primer & application of Acrylic based white putty in two coats over cement plastered walls, ceilings etc. to achieve even & smooth surface and to get uniform levelled surface. Paint shall be antifungal & bacterial resistant etc. complete and including, providing plastic to cover floor, cleaning of floors, door window frames, covings including scaffolding, surface preparation, sand papering, primer, cleaning and clearing the area etc., all complete as per approved design, drawing, specification and as directed. | F97: Sqm | I97: =ROUND(IF(G97="R.O",0,SUM($H97*G97)),0) -> 0
A98: 14.2 | C98: Apex exterior grade | D98: Supply and applying Apex exterior grade paint of approved make, shade (To be approved by architect / Engineer Incharge before execution) on waffle wall, system will be one coat of primer + two coat of paint with preparation as required, as per techincal specifications of the manufacturer of the paint etc. complete all as per approved shop drawings,technical specifications and as directed. | F98: Sqm | I98: =ROUND(IF(G98="R.O",0,SUM($H98*G98)),0) -> 0
A99: 15 | C99: Toilet Platform & Partion Work | D99: Toilet Platform & Partion Work | I99: =ROUND(IF(G99="R.O",0,SUM($H99*G99)),0) -> 0
A100: 15.1 | C100: wash basin/ vanity/ platform counter | D100: Providing and constructing machine cut, pre-polished stone slab wash basin/ vanity/ platform counter 600mm wide, housed on brick masonry wall supports as per drawing, placed over 25mm thick kadappa stone slab (polished on bottom & side face, unpolished at top to receive mortar) at bottom with cement mortar bedding in between & neat white cement float, vertical 25mm both side polised kadappa support if required, including all necessary fixing accessories like pins, brackets, making necessary cutouts for sanitary fittings and fixtures etc. as required., The rate to include 150mm wide mirror pre-polished granite stone facia including edge moulding, 100mm wide granite stone backsplash, polishing, protection with polythene sheet till hand-over etc., all complete as per approved design, drawing, specification and as directed. | I100: =ROUND(IF(G100="R.O",0,SUM($H100*G100)),0) -> 0
A101: 15.1.1 | C101: Wash Basin Counter in approved 20mm thick pre-polished Granite stone slab | D101: Wash Basin Counter in approved 20mm thick pre-polished Granite stone slab | F101: Sqm | I101: =ROUND(IF(G101="R.O",0,SUM($H101*G101)),0) -> 0
...

Sheet ELECTRICAL ESTIMATE 
A1: Maa Mahishasur Mardani Mandir (Chattarpur, New Delhi)
A2: Electrical estimate
A3: A | B3: ELECTRICAL | E3: Supply and Installation
A4: SL.NO | B4: DESCRIPTION OF WORK | C4: QTY | D4: UNIT | E4: Rate (Rs.) | F4: amount (Rs.)
A5: 1 | B5: Distribution board
B6: Supplying, installing ,connecting testing and commissioning of the following industrial type double door horizontal / vertical type IP-43, IK09 with metal door and metallic lock, made of 1.2mm & 1.6mm thick CRCA sheet steel enclosed fully recessed /surface type, Miniature Circuit Breakers Distribution Boards (As per IEC 61439 & 61641) dust proof, vermin proof, with hinged and panel locks with key doors complete with MCB's ( above 32 amp microprocessor based) and inter-connection with copper wires, or copper tapes, cable glands / conduit entry bushes, bonding to earth and painting. Also provide separate neutral busbar for each phase. Provide separate Earth Links. Use pin type copper lugs or bimetallic lugs for connections of all wires.
B7: Dressing of distribution board
A8: i) | B8: Dressing of all incoming cables, outgoing wires shall be dressed properly with lugs. As per Methodology.
A9: ii) | B9: Numbering with ring type ferrule shall be provided for each outgoing cables / wires. For all outgoing and incoming cable. The cable have to be properly dressed.
A10: iii) | B10: All the incoming and outgoing cables shall be properly dressed by providing cable trunking as displayed in photographs (Trunking shall be paid separately)
A11: iv) | B11: D.B. charts shall be made in SLD form and pasted inside of D.B. covers.
A12: v) | B12: It shall be ensured that load balancing in each phase is done properly.
A13: vi) | B13: For all DB'S double earthing shall be provided and door will also earthed.
A14: vii) | B14: When required to be mounted on columns special fixing clamps / Channels shall be used. Welding / Drilling in the column shall not be allowed. DB have to placed as per the layout . Clearance is required before fixing the DB. Wiring loop for future maintenance is to be kept on both ends.
B15: Note- Each incoming and outgoing MCB's shall have Ics = 10 KA minimum
B16: All VTPN DB I/Cs are to be considered as RCBO. In TPN DBs, individual phase wise distribution is to be considered with DP RCBO In SPN DBs, DP RCBOs are to be considered in the I/C
A19: 2 | B19: 12Way TPN ( LDB-1 & LDB-2) | C19: 1 | D19: No | F19: =C19*E19 -> 0
B20: Incomer
B21: 63A FP MCB
B22: 3 Nos. 40 Amps, DP RCBO (100mA), for each phase
B23: Outgoing
B24: Each Phase Consisting of the following: -
B25: 10Nos. 10A /16A SP MCB
B26: Bus bars
B27: 1 set 100Amps, 415volts, 3 phase 4 wire colour coded Copper bus bars.
B28: Neutral Link
B29: Suitable for above outgoings.
B30: Earth Terminal
B31: Suitable for above outgoings.
A33: 3 | B33: POINT WIRING
A34: 3.1 | B34: Supplying materials and wiring for light point, fan points with fan box, exhaust points, 6 Amps plug sockets etc. with 2 x 2.5 sq.mm FRLS PVC insulated, flexible multistranded copper conductor wires laid in MS conduit in slabs, walls, above false ceiling alongwith 1 X 2.5 sq.mm FRLS PVC insulated, flexible multistranded copper continuous earth wire with all accessories, cutting chases in walls and making them good including providing 6 Amps modular type switches, sockets in boxes of suitable size (The box should be of adequate sizes to accommodate fan/ exhaust fan regulator wherever required) embedded in wall/ partition wall including circuit wiring with 2 x 2.5 sq.mm. FRLS PVC insulated flexible multistranded copper conductor along with one run of 2.5 sq.mm. FRLS PVC insulated flexible multistranded Copper earth continuity wire from respective MCB in DB to first point and making the electrical connection on either ends for the following points:(existing wiring to be used from existin light fixture to switch board )only loop wire used from existing point to new point
A35: a) | B35: One light point controlled by one 6 Amps modular switch. | C35: 8 | D35: Nos. | F35: =C35*E35 -> 0
A36: b) | B36: Two light points controlled by one 6 Amps modular switch. | C36: =4+6+3 -> 13 | D36: Nos. | F36: =C36*E36 -> 0
A37: c) | B37: Three light points controlled by one 6 Amps modular switch. | C37: 13 | D37: Nos. | F37: =C37*E37 -> 0
A38: d) | B38: Four light points controlled by one 6 Amps modular switch. | C38: 6 | D38: Nos. | F38: =C38*E38 -> 0
A39: e) | B39: Five light points controlled by one 6 Amps modular switch. | C39: 6 | D39: Nos. | F39: =C39*E39 -> 0
A40: f) | B40: Ceiling fan point controlled by one 6 Amps modular switch and one 100 W step type Electronic Regulator. | C40: 22 | D40: Nos. | F40: =C40*E40 -> 0
A41: g) | B41: Exhaust fan controlled by 1 No. 6 Amps modular switch | C41: 6 | D41: Nos. | F41: =C41*E41 -> 0
A42: 4 | B42: LIGHT FIXTURE
B43: Warranty of 5 Years for all light fixtures shall be provided on company’s letter head.
A44: a) | B44: Supply, installation, testing and commissioning of LED surface Down lighter 15 W | C44: 64 | D44: Nos. | F44: =C44*E44 -> 0
A45: b) | B45: Supply, installation, testing and commissioning of LED surface Down lighter 12 W | C45: 9 | D45: Nos. | F45: =C45*E45 -> 0
A46: c) | B46: Supply, installation, testing and commissioning of LED Batten 40W fixture complete with all accessories | C46: 10 | D46: Nos. | F46: =C46*E46 -> 0
A47: d) | B47: Supply, installation, testing and commissioning of 40 W LED Mirror light fixture | C47: 2 | D47: Nos. | F47: =C47*E47 -> 0
A48: e) | B48: Up & down light-5W LED | C48: 10 | D48: Nos. | F48: =C48*E48 -> 0
A49: f) | B49: bricket /picture light-10W LED | C49: 14 | D49: Nos. | F49: =C49*E49 -> 0
A50: 5 | B50: Fans
A51: a) | B51: Supplying 1200mm dia sweep ceiling fan with standard down rod, | C51: 22 | D51: Nos. | F51: =C51*E51 -> 0
A53: 6 | B53: Exhaust fans
A54: a) | B54: 300mm dia heavy duty 900 RPM exhaust fan complete with louvered shutters (Alstom/ Crompton) | C54: 2 | D54: Nos. | F54: =C54*E54 -> 0
A55: b) | B55: 450mm dia, heavy duty 900 RPM exhaust fan complete with louvered shutters (Alstom/ Crompton) | C55: 4 | D55: Nos. | F55: =C55*E55 -> 0
A56: 7 | B56: Sub Mains & Circuit Wiring lighting
A57: a) | B57: Supplying all the materials and wiring for sub mains and circuit wiring in concealed or open fashion in slabs, walls, above false ceiling, on walls or overhead trusses, terminating the conductors in respective panels, DBs, switch boxes with 16 SWG MS conduit of suitable size (see specifications) FRLS PVC insulated, flexible multistranded conductors/earth continuity copper wires etc. as given.
A58: b) | B58: 2 x 2.5 sq.mm copper wires alongwith one 2.5 Sqm FRLS PVC insulated, flexible multistranded copper continuous earth wire for Lighting point wiring | C58: 500 | D58: Mtrs | F58: =C58*E58 -> 0
A60: 7.1 | B60: Sub Mains & Circuit Wiring power
A61: 7.1.1 | B61: Supplying all the materials and wiring for sub mains and circuit wiring in concealed or open fashion in slabs, walls, above false ceiling, on walls or overhead trusses, terminating the conductors in respective panels, DBs, switch boxes with 16 SWG MS conduit of suitable size (see specifications) FRLS PVC insulated, flexible multistranded conductors/earth continuity copper wires etc. as given.
A62: a) | B62: 2 x 2.5 sq.mm copper wires alongwith one 2.5 Sqm FRLS PVC insulated, flexible multistranded copper continuous earth wire ( 6 Amps Sockets & UPS socket ) | C62: 100 | D62: Mtrs | F62: =C62*E62 -> 0
A63: b) | B63: 2 x 4 sq.mm copper wires alongwith one 2.5 sq.mm FRLS PVC insulated, flexible multistranded copper continuous earth wire. (for 16 A sockets) | C63: 100 | D63: Mtrs | F63: =C63*E63 -> 0
A64: c) | B64: 2 x 6 sq.mm copper wires alongwith one 4 sq.mm FRLS PVC insulated, flexible multistranded copper continuous earth wire. | C64: RO | D64: Mtrs
A66: 7.2 | B66: Power Outlets, Power Plugs & Sockets
A67: 7.2.1 | B67: Supplying, fixing, testing and commissioning the following outlets.
A68: b) | B68: 6 Amps 6 pin socket controlled by separate 6 Amps modular type switch for each socket housed in MS box of suitable size . | C68: 10 | D68: Nos. | F68: =C68*E68 -> 0
A69: c) | B69: 6/16 Amps 6 pin socket controlled by 16 Amps modular type switch housed in MS box of suitable size. | C69: 5 | D69: Nos. | F69: =C69*E69 -> 0
A70: e) | B70: 20 Amps, 3 pin weather proof industrial socket controlled by 20 Amps DP MCB in non-metallic box of suitable size.(IP-65) | C70: 2 | D70: Nos. | F70: =C70*E70 -> 0
A71: 8 | B71: Lift Providing & Fixing with 3 stops | C71: 1 | D71: Nos. | F71: =C71*E71 -> 0
B73: TOTAL | F73: =SUM(F5:F72) -> 0
B74: G.TOTAL( S+E)

Sheet Washroom Fixtures 
